[Event "FICS rated blitz game"]
[Site "FICS freechess.org"]
[FICSGamesDBGameNo "20001540"]
[White "Aoan"]
[Black "lavrentis"]
[WhiteElo "1321"]
[BlackElo "1397"]
[WhiteRD "na"]
[BlackRD "na"]
[TimeControl "300+0"]
[Date "1999.08.31"]
[Time "11:15:00"]
[WhiteClock "0:05:00.000"]
[BlackClock "0:05:00.000"]
[ECO "C62"]
[PlyCount "74"]
[Result "0-1"]

1. e4 e5 2. Nf3 Nc6 3. Bb5 d6 4. Bxc6+ bxc6 5. d3 Nf6 6. Bg5 Be7 7. O-O O-O 8. Nc3 Bg4 9. d4 exd4 10. Qxd4 Bxf3 11. gxf3 c5 12. Qe3 Nh5 13. Bxe7 Qxe7 14. Kh1 f5 15. exf5 Qxe3 16. fxe3 Rxf5 17. Nb5 Raf8 18. f4 a5 19. Nxc7 R5f7 20. Nd5 Re8 21. Rae1 Rb7 22. b3 g6 23. Rg1 Kf7 24. a3 Nf6 25. Nc3 Rbe7 26. a4 Rxe3 27. Rxe3 Rxe3 28. Nb5 Ke6 29. Nc7+ Kd7 30. Nb5 Re2 31. Rc1 Rf2 32. Rd1 Ne4 33. c4 Rxf4 34. Na3 Nf2+ 35. Kg2 Nxd1 36. Nc2 Rf2+ 37. Kg3 Rxc2 {White resigns} 0-1

[Event "FICS rated blitz game"]
[Site "FICS freechess.org"]
[FICSGamesDBGameNo "20001539"]
[White "Brx"]
[Black "JohanB"]
[WhiteElo "1296"]
[BlackElo "765"]
[WhiteRD "na"]
[BlackRD "na"]
[TimeControl "120+12"]
[Date "1999.08.31"]
[Time "10:53:00"]
[WhiteClock "0:02:00.000"]
[BlackClock "0:02:00.000"]
[ECO "A50"]
[PlyCount "93"]
[Result "1-0"]

1. d4 e6 2. c4 Nf6 3. Nc3 Nc6 4. Nf3 Bb4 5. Bg5 d5 6. e3 e5 7. dxe5 Nxe5 8. Nxe5 Qd6 9. Bxf6 gxf6 10. Nf3 Be6 11. Be2 O-O-O 12. O-O dxc4 13. Qxd6 Rxd6 14. Nb5 Rb6 15. Nbd4 Bd5 16. Nh4 Rg8 17. Bf3 c6 18. Nhf5 c3 19. bxc3 Bxc3 20. Rab1 Bb4 21. a3 Bxa3 22. Rxb6 axb6 23. Ra1 Bxf3 24. Nxf3 Bf8 25. Kf1 b5 26. Ke2 Kc7 27. g3 Rg5 28. N5d4 Rc5 29. Ra8 Bd6 30. Rh8 Be7 31. Rxh7 Bf8 32. Rxf7+ Kd8 33. Rxf8+ Ke7 34. Rb8 Kd6 35. Rxb7 Kd5 36. Rd7+ Kc4 37. Rd6 f5 38. Nd2+ Kc3 39. Rf6 f4 40. Rxf4 b4 41. N4b3 Kc2 42. Rg4 Rd5 43. Rd4 Rh5 44. h4 Rb5 45. Rc4+ Kb2 46. Rxc6 Rf5 47. f4 {Black resigns} 1-0

[Event "FICS rated blitz game"]
[Site "FICS freechess.org"]
[FICSGamesDBGameNo "20001537"]
[White "Zorzo"]
[Black "Aleric"]
[WhiteElo "1819"]
[BlackElo "1578"]
[WhiteRD "na"]
[BlackRD "na"]
[TimeControl "300+0"]
[Date "1999.08.31"]
[Time "10:22:00"]
[WhiteClock "0:05:00.000"]
[BlackClock "0:05:00.000"]
[ECO "C48"]
[PlyCount "113"]
[Result "1-0"]

1. e4 e5 2. Nc3 Nf6 3. Nf3 Nc6 4. Bb5 a6 5. Bxc6 dxc6 6. Nxe5 Bd6 7. Nf3 Bg4 8. h3 Bh5 9. g4 Bg6 10. e5 Qe7 11. Qe2 Nd5 12. exd6 cxd6 13. Qxe7+ Nxe7 14. d3 O-O 15. Bf4 Rad8 16. O-O-O d5 17. Rhe1 Rfe8 18. Ne5 a5 19. Nxg6 Nxg6 20. Bg3 Re7 21. Rxe7 Nxe7 22. Bh4 f6 23. Re1 Re8 24. Kd2 Kf7 25. Bg3 b6 26. Bd6 Ng6 27. Rxe8 Kxe8 28. Na4 Kd7 29. Bg3 b5 30. Nc5+ Ke7 31. Nb7 a4 32. Na5 Kd7 33. f4 Ne7 34. f5 g6 35. fxg6 hxg6 36. c4 dxc4 37. dxc4 f5 38. Kc3 fxg4 39. hxg4 Ng8 40. g5 Ne7 41. Kb4 Nf5 42. Bf4 Nd4 43. Nb7 Ke6 44. Nd6 Nc2+ 45. Kc5 bxc4 46. Nxc4 Kd7 47. Ne5+ Ke6 48. Nxg6 Kf5 49. Ne7+ Kxf4 50. g6 Ne1 51. Kxc6 Nd3 52. Kb5 Kg5 53. g7 Nxb2 54. g8=Q+ Kf6 55. Qh8+ Kxe7 56. Qxb2 Kd6 57. Qa3+ {Black resigns} 1-0

[Event "FICS rated blitz game"]
[Site "FICS freechess.org"]
[FICSGamesDBGameNo "20001536"]
[White "Jeeper"]
[Black "indyjones"]
[WhiteElo "1313"]
[BlackElo "1476"]
[WhiteRD "na"]
[BlackRD "na"]
[TimeControl "180+0"]
[Date "1999.08.31"]
[Time "01:20:00"]
[WhiteClock "0:03:00.000"]
[BlackClock "0:03:00.000"]
[ECO "C20"]
[PlyCount "61"]
[Result "1-0"]

1. e4 e5 2. g3 Bc5 3. Bg2 Qf6 4. Nh3 d5 5. exd5 Bxh3 6. Qf3 Bxg2 7. Qxg2 Na6 8. O-O Nb4 9. a3 Nxc2 10. Ra2 Nd4 11. b4 Bb6 12. Bb2 O-O-O 13. a4 a6 14. a5 Ba7 15. b5 axb5 16. a6 Ne2+ 17. Kh1 Ne7 18. axb7+ Kxb7 19. d6+ Kb8 20. dxe7 Qxe7 21. Qe4 Nd4 22. Bxd4 Rxd4 23. Qc6 Qb4 24. Rc1 Rc4 25. Rxc4 Qxc4 26. Na3 Qxc6+ 27. Kg1 Qc1+ 28. Kg2 h5 29. Nxb5 Qc4 30. Rxa7 Qxb5 31. Ra1 {Black forfeits on time} 1-0

[Event "FICS rated standard game"]
[Site "FICS freechess.org"]
[FICSGamesDBGameNo "20001533"]
[White "Etto"]
[Black "Resolute"]
[WhiteElo "1528"]
[BlackElo "1193"]
[WhiteRD "na"]
[BlackRD "na"]
[TimeControl "1200+0"]
[Date "1999.08.30"]
[Time "19:42:00"]
[WhiteClock "0:20:00.000"]
[BlackClock "0:20:00.000"]
[ECO "B02"]
[PlyCount "73"]
[Result "1-0"]

1. e4 Nf6 2. d3 d6 3. Nf3 e5 4. Bg5 c5 5. c3 Qb6 6. b4 d5 7. Bxf6 Qxf6 8. exd5 e4 9. dxe4 cxb4 10. Qa4+ Bd7 11. e5 Qf4 12. Bb5 Qe4+ 13. Kd1 Qxd5+ 14. Nbd2 Bxb5 15. Qb3 Bc4 16. Qb2 Bc5 17. cxb4 Bb5 18. bxc5 O-O 19. Qb3 Qxc5 20. Rc1 Qb6 21. Re1 g6 22. e6 Kg7 23. Ng5 f6 24. e7 Re8 25. Qf7+ Kh6 26. Nxh7 Ba4+ 27. Ke2 Qb5+ 28. Nc4 Nc6 29. Nxf6 Rxe7+ 30. Qxe7 Nxe7 31. Kf1 Rf8 32. Ng4+ Kg5 33. Re5+ Qxe5 34. Ngxe5 b5 35. Nb2 Rd8 36. Nxa4 bxa4 37. Nf7+ {Black forfeits on time} 1-0

[Event "FICS rated blitz game"]
[Site "FICS freechess.org"]
[FICSGamesDBGameNo "20001532"]
[White "Chernee"]
[Black "currie"]
[WhiteElo "2170"]
[BlackElo "1907"]
[WhiteRD "na"]
[BlackRD "na"]
[TimeControl "180+0"]
[Date "1999.08.30"]
[Time "19:15:00"]
[WhiteClock "0:03:00.000"]
[BlackClock "0:03:00.000"]
[ECO "B74"]
[PlyCount "95"]
[Result "1-0"]

1. e4 c5 2. Nf3 d6 3. d4 cxd4 4. Nxd4 Nf6 5. Nc3 g6 6. Be2 Bg7 7. O-O Nc6 8. Be3 O-O 9. Nb3 Be6 10. Kh1 d5 11. exd5 Nxd5 12. Nxd5 Bxd5 13. c3 b6 14. Bf3 Bxf3 15. Qxf3 Ne5 16. Qh3 Nc4 17. Rad1 Qc7 18. Bc1 Rad8 19. Qh4 Nd6 20. h3 Nf5 21. Qe4 Rxd1 22. Rxd1 Rd8 23. Rxd8+ Qxd8 24. Bf4 Qd1+ 25. Kh2 h6 26. Bb8 Nd6 27. Qxe7 Nf5 28. Qe4 Qf1 29. Qf3 Nh4 30. Qg3 Nf5 31. Qf3 Nh4 32. Qa8 Kh7 33. Bg3 Nf5 34. Qxa7 Nxg3 35. fxg3 Be5 36. Qb7 Qf2 37. Qf3 Qc2 38. Qxf7+ Kh8 39. Qe8+ Kh7 40. Qxe5 Qxb2 41. Qe7+ Kg8 42. Nd4 Qxc3 43. Ne6 b5 44. Qf8+ Kh7 45. Qf7+ Kh8 46. Nf8 Qg7 47. Nxg6+ Kh7 48. Nf8+ {Black resigns} 1-0

[Event "FICS rated lightning game"]
[Site "FICS freechess.org"]
[FICSGamesDBGameNo "20001531"]
[White "Shatterhead"]
[Black "GALAKIS"]
[WhiteElo "1699"]
[BlackElo "1458"]
[WhiteRD "na"]
[BlackRD "na"]
[TimeControl "120+0"]
[Date "1999.08.30"]
[Time "17:37:00"]
[WhiteClock "0:02:00.000"]
[BlackClock "0:02:00.000"]
[ECO "C00"]
[PlyCount "55"]
[Result "1-0"]

1. e4 e6 2. d3 c5 3. Nd2 Nc6 4. Ngf3 Nf6 5. g3 d6 6. Bg2 Bd7 7. O-O g6 8. Re1 Bg7 9. c3 O-O 10. a3 e5 11. b4 b6 12. Bb2 Ne8 13. Qb3 Kh8 14. a4 Qc8 15. b5 Na5 16. Qc2 f5 17. Nc4 Nxc4 18. dxc4 a6 19. Qd2 Nc7 20. Ng5 Ra7 21. h4 Ne6 22. Nxe6 Bxe6 23. Qe2 axb5 24. axb5 fxe4 25. Bxe4 Rxa1 26. Rxa1 Bh3 27. Ra7 Bg4 28. Qd3 {Black forfeits on time} 1-0

[Event "FICS rated blitz game"]
[Site "FICS freechess.org"]
[FICSGamesDBGameNo "20001530"]
[White "mahamud"]
[Black "PHILIDORAUSSI"]
[WhiteElo "1185"]
[BlackElo "1286"]
[WhiteRD "na"]
[BlackRD "na"]
[TimeControl "240+0"]
[Date "1999.08.30"]
[Time "17:37:00"]
[WhiteClock "0:04:00.000"]
[BlackClock "0:04:00.000"]
[ECO "A05"]
[PlyCount "62"]
[Result "0-1"]

1. Nf3 Nf6 2. Ne5 d6 3. Nxf7 Kxf7 4. d4 d5 5. e3 e6 6. Bd3 Be7 7. O-O Nc6 8. Qf3 Nb4 9. e4 Nxd3 10. cxd3 dxe4 11. dxe4 Rf8 12. e5 Kg8 13. exf6 Rxf6 14. Qh5 Qxd4 15. a4 Rh6 16. Bxh6 gxh6 17. Qxh6 Bd6 18. Nc3 Bd7 19. Rae1 Rf8 20. Ne2 Qe4 21. Ng3 Qg4 22. Nh5 Qh4 23. Nf6+ Qxf6 24. Qxf6 Rxf6 25. h3 e5 26. Rc1 c6 27. Rfd1 Bxh3 28. gxh3 Rg6+ 29. Kh2 Kf7 30. Rd3 Ke7 31. Rcd1 h6 {White forfeits on time} 0-1

[Event "FICS rated blitz game"]
[Site "FICS freechess.org"]
[FICSGamesDBGameNo "20001529"]
[White "Avram"]
[Black "HenryVIII"]
[WhiteElo "1361"]
[BlackElo "1795"]
[WhiteRD "na"]
[BlackRD "na"]
[TimeControl "300+0"]
[Date "1999.08.30"]
[Time "17:32:00"]
[WhiteClock "0:05:00.000"]
[BlackClock "0:05:00.000"]
[ECO "B52"]
[PlyCount "33"]
[Result "1-0"]

1. e4 c5 2. Nf3 d6 3. Bb5+ Bd7 4. Nc3 e6 5. d4 cxd4 6. Nxd4 a6 7. Bxd7+ Nxd7 8. Be3 Ngf6 9. Qf3 Qc7 10. O-O-O Be7 11. g4 h6 12. h4 Rc8 13. g5 hxg5 14. hxg5 Rxh1 15. Rxh1 Ng8 16. Rh8 Kf8 17. Nxe6+ {Black resigns} 1-0

[Event "FICS rated blitz game"]
[Site "FICS freechess.org"]
[FICSGamesDBGameNo "20001528"]
[White "Jupiter"]
[Black "petiroc"]
[WhiteElo "1390"]
[BlackElo "1651"]
[WhiteRD "na"]
[BlackRD "na"]
[TimeControl "240+0"]
[Date "1999.08.30"]
[Time "16:39:00"]
[WhiteClock "0:04:00.000"]
[BlackClock "0:04:00.000"]
[ECO "B20"]
[PlyCount "104"]
[Result "0-1"]

1. e4 c5 2. Bc4 a6 3. Qf3 e6 4. e5 Nc6 5. c3 b5 6. Bb3 Bb7 7. Qe2 Nge7 8. f4 Nf5 9. Nf3 Be7 10. d3 Qb6 11. g4 Nh4 12. Be3 Nxf3+ 13. Qxf3 Bh4+ 14. Bf2 Bxf2+ 15. Qxf2 Nd4 16. cxd4 Bxh1 17. dxc5 Qa5+ 18. Nc3 Rc8 19. O-O-O Bc6 20. Ne4 Bxe4 21. dxe4 b4 22. f5 Qxc5+ 23. Qxc5 Rxc5+ 24. Kb1 Rxe5 25. fxe6 dxe6 26. Ba4+ Ke7 27. Rd7+ Kf6 28. h4 Rxe4 29. g5+ Kg6 30. Bc2 f5 31. gxf6 Kxf6 32. Bxe4 Ke5 33. Bd3 g6 34. Bxa6 h5 35. Bd3 Kf6 36. Rb7 Rd8 37. Kc2 Rd4 38. Rb8 Rxh4 39. Rg8 g5 40. Rg6+ Ke5 41. Rxg5+ Kd4 42. Be2 Rh2 43. Kd1 Rh1+ 44. Kd2 Ra1 45. a3 bxa3 46. bxa3 Ra2+ 47. Ke1 Ra1+ 48. Kf2 Rxa3 49. Rxh5 e5 50. Rh4+ Kc5 51. Re4 Kd5 52. Ke1 Ra1+ {White forfeits on time} 0-1

[Event "FICS rated lightning game"]
[Site "FICS freechess.org"]
[FICSGamesDBGameNo "20001527"]
[White "Andouille"]
[Black "DerTeufel"]
[WhiteElo "1546"]
[BlackElo "1389"]
[WhiteRD "na"]
[BlackRD "na"]
[TimeControl "0+4"]
[Date "1999.08.30"]
[Time "16:24:00"]
[WhiteClock "0:10.000"]
[BlackClock "0:10.000"]
[ECO "B27"]
[PlyCount "67"]
[Result "1-0"]

1. e4 g6 2. d4 Bg7 3. Nc3 c5 4. Nf3 Qb6 5. dxc5 Qxc5 6. Be3 Bxc3+ 7. bxc3 Qxc3+ 8. Nd2 d6 9. Bd3 Nd7 10. O-O Ne5 11. Nf3 Nxf3+ 12. Qxf3 Nf6 13. Qe2 Qc7 14. f4 O-O 15. h3 Nd7 16. f5 Ne5 17. Bh6 Rd8 18. fxg6 fxg6 19. Rf2 Nf7 20. Be3 Ne5 21. Raf1 Be6 22. Bh6 a5 23. Bb5 a4 24. Bd3 Rab8 25. Qd2 Qb6 26. Be3 Qc7 27. Qe2 Bxa2 28. Bd4 a3 29. Qd2 Kg7 30. h4 Kg8 31. h5 Qc8 32. Qh6 e6 33. hxg6 Nxg6 34. Qg7# {Black checkmated} 1-0

[Event "FICS rated blitz game"]
[Site "FICS freechess.org"]
[FICSGamesDBGameNo "20001525"]
[White "HolgersHolk"]
[Black "oleborido"]
[WhiteElo "1592"]
[BlackElo "1691"]
[WhiteRD "na"]
[BlackRD "na"]
[TimeControl "180+0"]
[Date "1999.08.30"]
[Time "15:18:00"]
[WhiteClock "0:03:00.000"]
[BlackClock "0:03:00.000"]
[ECO "E73"]
[PlyCount "63"]
[Result "1-0"]

1. d4 Nf6 2. c4 g6 3. Nc3 d6 4. e4 Bg7 5. Be2 O-O 6. Bg5 h6 7. Be3 Nc6 8. f3 e5 9. d5 Ne7 10. Qd2 Kh7 11. g4 Nfg8 12. Nh3 c6 13. Nf2 cxd5 14. cxd5 Qa5 15. h4 Bd7 16. h5 g5 17. O-O Rac8 18. Rfc1 b5 19. a3 a6 20. Nd3 Qd8 21. Nb4 a5 22. Nd3 b4 23. axb4 axb4 24. Nxb4 Rb8 25. Nd3 Ng6 26. Ra6 Nf4 27. Rxd6 Qc7 28. Ra6 Bb5 29. Nxb5 Nxe2+ 30. Kf2 Qb7 31. Rb6 Qc8 32. Rxc8 {Black resigns} 1-0

[Event "FICS rated blitz game"]
[Site "FICS freechess.org"]
[FICSGamesDBGameNo "20001524"]
[White "Avram"]
[Black "jaminski"]
[WhiteElo "1348"]
[BlackElo "1440"]
[WhiteRD "na"]
[BlackRD "na"]
[TimeControl "360+0"]
[Date "1999.08.30"]
[Time "15:13:00"]
[WhiteClock "0:06:00.000"]
[BlackClock "0:06:00.000"]
[ECO "B95"]
[PlyCount "42"]
[Result "0-1"]

1. e4 c5 2. Nf3 d6 3. d4 cxd4 4. Nxd4 Nf6 5. Nc3 a6 6. Bg5 e6 7. Nf3 Be7 8. Bxf6 Bxf6 9. e5 dxe5 10. Qxd8+ Bxd8 11. Nxe5 O-O 12. O-O-O Bg5+ 13. Kb1 b5 14. h4 Bh6 15. g4 g6 16. Bd3 Bb7 17. Rh3 Bg7 18. f4 Rd8 19. h5 b4 20. Ne4 Bxe4 21. Bxe4 Rxd1# {White checkmated} 0-1

[Event "FICS rated blitz game"]
[Site "FICS freechess.org"]
[FICSGamesDBGameNo "20001523"]
[White "kucki"]
[Black "MagnusStromgren"]
[WhiteElo "1571"]
[BlackElo "1660"]
[WhiteRD "na"]
[BlackRD "na"]
[TimeControl "180+0"]
[Date "1999.08.30"]
[Time "15:01:00"]
[WhiteClock "0:03:00.000"]
[BlackClock "0:03:00.000"]
[ECO "C24"]
[PlyCount "100"]
[Result "1-0"]

1. e4 e5 2. Bc4 Nf6 3. d3 Bc5 4. Ne2 O-O 5. O-O h6 6. Nbc3 c6 7. a3 a6 8. Na4 Ba7 9. Ba2 b5 10. Nac3 d6 11. Be3 c5 12. Kh1 Bg4 13. Qd2 Nc6 14. f3 Bh5 15. Ng3 Nd4 16. Nxh5 Nxh5 17. Nd5 Qh4 18. Bf2 Qd8 19. c3 Ne6 20. g4 Nhf4 21. Nxf4 exf4 22. Bxe6 fxe6 23. Rae1 e5 24. d4 cxd4 25. cxd4 Bb6 26. dxe5 dxe5 27. Qxd8 Bxd8 28. Bc5 Re8 29. Rd1 Bh4 30. Rd2 Rac8 31. b4 a5 32. Rfd1 h5 33. h3 hxg4 34. hxg4 Re6 35. Kg2 Rh6 36. Rd8+ Rxd8 37. Rxd8+ Kh7 38. Rb8 axb4 39. axb4 Bg3 40. Rxb5 Rh2+ 41. Kf1 Rh1+ 42. Ke2 Re1+ 43. Kd3 Rd1+ 44. Kc4 Rf1 45. Kd5 Rxf3 46. Kxe5 Rd3 47. Rb7 f3+ 48. Ke6 Re3 49. Rf7 Rb3 50. Bf8 f2 {Black forfeits on time} 1-0

[Event "FICS rated blitz game"]
[Site "FICS freechess.org"]
[FICSGamesDBGameNo "20001522"]
[White "mickeli"]
[Black "alms"]
[WhiteElo "1723"]
[BlackElo "1851"]
[WhiteRD "na"]
[BlackRD "na"]
[TimeControl "180+3"]
[Date "1999.08.30"]
[Time "14:46:00"]
[WhiteClock "0:03:00.000"]
[BlackClock "0:03:00.000"]
[ECO "C28"]
[PlyCount "120"]
[Result "0-1"]

1. e4 e5 2. Nc3 Nf6 3. Bc4 Nc6 4. d3 Bb4 5. Nf3 O-O 6. O-O h6 7. a3 Bxc3 8. bxc3 d5 9. exd5 Nxd5 10. Bd2 Bg4 11. h3 Be6 12. g4 Qf6 13. g5 hxg5 14. Bxg5 Qg6 15. h4 f6 16. Kh2 fxg5 17. Nxg5 Rf4 18. Nf3 Raf8 19. Rg1 Qh5 20. Rg3 Rxf3 21. Rxf3 Rxf3 22. Kg2 Qg4+ 23. Kf1 Qxh4 24. Qxf3 Qf4 25. Qxf4 Nxf4 26. Bxe6+ Nxe6 27. Rb1 b6 28. c4 Ned4 29. c3 Nf3 30. Ke2 Ng5 31. Ke3 Kf7 32. d4 Kf6 33. d5 Na5 34. Kd3 e4+ 35. Kd4 Kf5 36. c5 Nf3+ 37. Ke3 Nc4+ 38. Ke2 Ke5 39. d6 cxd6 40. cxb6 axb6 41. Rb5+ d5 42. Rb4 Ng5 43. a4 Ne6 44. a5 bxa5 45. Rb8 a4 46. Ra8 a3 47. Kd1 Nc5 48. Kc2 Nd3 49. Kb3 Nxf2 50. Ra7 g5 51. Re7+ Kd6 52. Rg7 g4 53. Rg8 e3 54. Rg6+ Kc5 55. Re6 Ne4 56. Rh6 e2 57. Rh2 e1=Q 58. Re2 Qb1+ 59. Rb2 Qxb2+ 60. Ka4 Qb5# {White checkmated} 0-1

[Event "FICS rated blitz game"]
[Site "FICS freechess.org"]
[FICSGamesDBGameNo "20001521"]
[White "Funplay"]
[Black "patrow"]
[WhiteElo "1339"]
[BlackElo "1207"]
[WhiteRD "na"]
[BlackRD "na"]
[TimeControl "180+12"]
[Date "1999.08.30"]
[Time "13:46:00"]
[WhiteClock "0:03:00.000"]
[BlackClock "0:03:00.000"]
[ECO "D00"]
[PlyCount "50"]
[Result "1-0"]

1. d4 Nf6 2. Nc3 d5 3. e4 Nxe4 4. Nxe4 dxe4 5. f3 exf3 6. Nxf3 Bg4 7. Bc4 Bxf3 8. Qxf3 e6 9. Qxb7 Nd7 10. O-O Qb8 11. Qf3 Bd6 12. Qxf7+ Kd8 13. Bg5+ Kc8 14. Ba6+ Qb7 15. Bxb7+ Kxb7 16. Qxd7 h6 17. Be3 h5 18. c4 h4 19. c5 Rad8 20. Qb5+ Ka8 21. cxd6 Rxd6 22. Qa5 Kb8 23. Rfc1 Rb6 24. d5 Rxb2 25. Qxa7+ Kc8 {Black resigns} 1-0

[Event "FICS rated blitz game"]
[Site "FICS freechess.org"]
[FICSGamesDBGameNo "20001520"]
[White "strongking"]
[Black "SBGiffy"]
[WhiteElo "1737"]
[BlackElo "1796"]
[WhiteRD "na"]
[BlackRD "na"]
[TimeControl "180+0"]
[Date "1999.08.30"]
[Time "13:19:00"]
[WhiteClock "0:03:00.000"]
[BlackClock "0:03:00.000"]
[ECO "C38"]
[PlyCount "81"]
[Result "1-0"]

1. e4 e5 2. f4 exf4 3. Nf3 g5 4. Bc4 Bg7 5. d4 h6 6. O-O d6 7. c3 Nc6 8. e5 dxe5 9. dxe5 Qxd1 10. Rxd1 Nxe5 11. Nxe5 Bxe5 12. Re1 f6 13. Na3 c6 14. Nc2 Bf5 15. Nd4 Ne7 16. b4 O-O-O 17. Nxf5 Nxf5 18. Be6+ Kc7 19. Bxf5 Rd3 20. Bxd3 Bxc3 21. Re7+ Kd6 22. Rxb7 Bxa1 23. Rxa7 Rb8 24. a3 c5 25. Bf5 cxb4 26. axb4 Ke5 27. Ra5+ Kd4 28. Rxa1 Rxb4 29. Rb1 Ra4 30. Bb2+ Kd5 31. Rd1+ Kc6 32. g3 fxg3 33. hxg3 Ra2 34. Bxf6 Kc5 35. Rc1+ Kd5 36. Bg7 Ra6 37. Bxh6 Rxh6 38. g4 Ke5 39. Re1+ Kf4 40. Kg2 Rb6 41. Re4# {Black checkmated} 1-0

[Event "FICS rated blitz game"]
[Site "FICS freechess.org"]
[FICSGamesDBGameNo "20001519"]
[White "Montague"]
[Black "mrkonk"]
[WhiteElo "912"]
[BlackElo "1227"]
[WhiteRD "na"]
[BlackRD "na"]
[TimeControl "600+0"]
[Date "1999.08.30"]
[Time "12:57:00"]
[WhiteClock "0:10:00.000"]
[BlackClock "0:10:00.000"]
[ECO "D00"]
[PlyCount "99"]
[Result "1-0"]

1. d4 d5 2. e3 Bf5 3. Nc3 c6 4. Bd3 Qd6 5. Nxd5 Bxd3 6. Qxd3 Qxd5 7. e4 Qa5+ 8. Bd2 Qb5 9. f3 Qxd3 10. cxd3 e6 11. d5 cxd5 12. Rc1 Nd7 13. Ne2 a5 14. a4 Bb4 15. d4 Ne7 16. Kd1 O-O 17. Bg5 f6 18. Bh4 g5 19. Bf2 h5 20. h4 g4 21. Rc7 f5 22. exf5 Nb6 23. Rxb7 Nxa4 24. Be3 Nxb2+ 25. Kc2 Nc4 26. fxg4 Nxe3+ 27. Kd3 Nxg4 28. Nf4 Nf2+ 29. Ke3 Ng4+ 30. Kd3 Nf2+ 31. Ke2 Nxh1 32. Nxe6 Ng3+ 33. Kf3 Rxf5+ 34. Kxg3 Bd6+ 35. Kh3 Ng6 36. Rg7+ Kh8 37. Rxg6 Rb8 38. Ng7 Rb3+ 39. g3 Rff3 40. Nxh5 Bc7 41. Kg4 Kh7 42. Rg7+ Kh6 43. Rxc7 Rfd3 44. Nf6 Rxg3+ 45. Kf5 Rgf3+ 46. Ke6 Rbe3+ 47. Kf7 Rf4 48. Kg8 a4 49. Nxd5 Rg3+ 50. Kh8 {Black forfeits on time} 1-0

[Event "FICS rated blitz game"]
[Site "FICS freechess.org"]
[FICSGamesDBGameNo "20001518"]
[White "Pipp"]
[Black "erik"]
[WhiteElo "1305"]
[BlackElo "1382"]
[WhiteRD "na"]
[BlackRD "na"]
[TimeControl "120+12"]
[Date "1999.08.30"]
[Time "12:42:00"]
[WhiteClock "0:02:00.000"]
[BlackClock "0:02:00.000"]
[ECO "C44"]
[PlyCount "41"]
[Result "1-0"]

1. e4 e5 2. Nf3 Nc6 3. d4 exd4 4. Bc4 Bb4+ 5. c3 dxc3 6. O-O Nf6 7. e5 Ne4 8. Qd5 O-O 9. Qxe4 d6 10. Nxc3 Kh8 11. Ng5 g6 12. Nxf7+ Rxf7 13. Bxf7 Bf5 14. Qc4 Nxe5 15. Qxb4 Nxf7 16. Qxb7 Rb8 17. Qxa7 Rb4 18. Nd5 Rg4 19. Qxc7 Qe8 20. Nf6 Qe4 21. Nxe4 {Black resigns} 1-0

[Event "FICS rated blitz game"]
[Site "FICS freechess.org"]
[FICSGamesDBGameNo "20001517"]
[White "Barta"]
[Black "NordLyset"]
[WhiteElo "1195"]
[BlackElo "1515"]
[WhiteRD "na"]
[BlackRD "na"]
[TimeControl "300+0"]
[Date "1999.08.30"]
[Time "12:13:00"]
[WhiteClock "0:05:00.000"]
[BlackClock "0:05:00.000"]
[ECO "B02"]
[PlyCount "72"]
[Result "0-1"]

1. e4 Nf6 2. Nc3 e6 3. Nf3 Bb4 4. e5 Bxc3 5. bxc3 Nd5 6. Bb2 d6 7. Bc4 Nb6 8. Bb5+ c6 9. Be2 d5 10. d4 Qe7 11. O-O c5 12. dxc5 Qxc5 13. Ng5 Nc6 14. a4 Nxe5 15. Bb5+ Bd7 16. Qh5 g6 17. Qh6 Bxb5 18. axb5 O-O-O 19. Qg7 Nec4 20. Qxf7 Nxb2 21. Qxe6+ Kb8 22. Nf7 Rde8 23. Qf6 Rhf8 24. Qf4+ Qc7 25. Qxc7+ Kxc7 26. Nh6 Kb8 27. Rab1 N2c4 28. Rfd1 Re2 29. f3 Rxc2 30. Ng4 Rxc3 31. Nf2 Re8 32. Nd3 Re2 33. Nc5 Rcc2 34. Nd3 Rxg2+ 35. Kf1 Ne3+ 36. Ke1 Rg1# {White checkmated} 0-1

[Event "FICS rated lightning game"]
[Site "FICS freechess.org"]
[FICSGamesDBGameNo "20001516"]
[White "balami"]
[Black "MrButts"]
[WhiteElo "1421"]
[BlackElo "1223"]
[WhiteRD "na"]
[BlackRD "na"]
[TimeControl "0+3"]
[Date "1999.08.30"]
[Time "11:59:00"]
[WhiteClock "0:10.000"]
[BlackClock "0:10.000"]
[ECO "A40"]
[PlyCount "78"]
[Result "1-0"]

1. d4 g6 2. c4 Bg7 3. e3 Nf6 4. Bd3 O-O 5. Nf3 d5 6. cxd5 Nxd5 7. h3 Nc6 8. Nc3 e6 9. a3 Nxc3 10. bxc3 Ne7 11. O-O Nd5 12. c4 Nf6 13. g3 Bd7 14. Be2 Qc8 15. Bb2 Ne4 16. Ne5 f6 17. Nf3 Bc6 18. Bd3 Nd6 19. d5 exd5 20. cxd5 Bxd5 21. Bxg6 hxg6 22. Qxd5+ Kh8 23. Nd4 Nf7 24. Ne6 c6 25. Qc4 Re8 26. Nxg7 Kxg7 27. Qc3 Ne5 28. f4 Nd7 29. Rad1 Rf8 30. Rd6 b6 31. Rfd1 c5 32. Rxd7+ Rf7 33. Rxf7+ Kxf7 34. Qxf6+ Ke8 35. Qxg6+ Ke7 36. Bf6+ Kf8 37. Rd8+ Qxd8 38. Bxd8 Rxd8 39. Kg2 Rd3 {Black resigns} 1-0

[Event "FICS rated blitz game"]
[Site "FICS freechess.org"]
[FICSGamesDBGameNo "20001515"]
[White "Chessnuts"]
[Black "torchveteran"]
[WhiteElo "1382"]
[BlackElo "1382"]
[WhiteRD "na"]
[BlackRD "na"]
[TimeControl "180+0"]
[Date "1999.08.30"]
[Time "11:01:00"]
[WhiteClock "0:03:00.000"]
[BlackClock "0:03:00.000"]
[ECO "A41"]
[PlyCount "86"]
[Result "0-1"]

1. d4 g6 2. c4 Bg7 3. Nc3 d6 4. h3 Nf6 5. Bg5 O-O 6. e3 c5 7. Nf3 h6 8. Bxf6 exf6 9. Qc2 f5 10. Nd5 Be6 11. e4 Re8 12. e5 Bxd5 13. cxd5 cxd4 14. O-O-O dxe5 15. Bc4 Qd7 16. Rhe1 Rc8 17. b3 b5 18. Nxe5 Bxe5 19. Rxe5 bxc4 20. bxc4 Re8 21. Re2 Na6 22. a3 Nc5 23. Red2 Qa4 24. Qxa4 Nxa4 25. Rxd4 Rab8 26. R1d2 Nc3 27. Kc2 Na4 28. d6 Rb2+ 29. Kd3 Rxd2+ 30. Kxd2 Rd8 31. d7 Nb6 32. Kc3 Rxd7 33. Rxd7 Nxd7 34. Kb4 f4 35. Kb5 Ne5 36. c5 a6+ 37. Kxa6 Nd7 38. Kb5 f5 39. c6 Nb8 40. c7 Kf7 41. c8=Q Nd7 42. Qxd7+ Kf6 43. Qd6+ Kg5 {White forfeits on time} 0-1

[Event "FICS rated blitz game"]
[Site "FICS freechess.org"]
[FICSGamesDBGameNo "20001513"]
[White "juupar"]
[Black "Allaboda"]
[WhiteElo "1845"]
[BlackElo "1636"]
[WhiteRD "na"]
[BlackRD "na"]
[TimeControl "300+0"]
[Date "1999.08.30"]
[Time "08:37:00"]
[WhiteClock "0:05:00.000"]
[BlackClock "0:05:00.000"]
[ECO "B22"]
[PlyCount "71"]
[Result "1-0"]

1. e4 c5 2. c3 Nf6 3. Bd3 Nc6 4. Bc2 d5 5. d3 e6 6. f4 Be7 7. Nf3 O-O 8. O-O b5 9. e5 Nd7 10. d4 b4 11. Be3 Qb6 12. Ng5 h6 13. Qh5 f5 14. Nxe6 Rf7 15. Bxf5 Nf8 16. Nxf8 Bxf8 17. Bxc8 Rxc8 18. dxc5 Bxc5 19. Bxc5 Qxc5+ 20. Kh1 d4 21. cxd4 Nxd4 22. Nd2 Qc2 23. Nf3 Rxf4 24. Nxd4 Rxd4 25. Qf7+ Kh8 26. e6 Rg4 27. Rg1 Qe4 28. Rae1 Qa8 29. h3 Rg3 30. Kh2 Qb8 31. Kh1 Qa8 32. Qh5 Rc5 33. Qh4 Rcg5 34. Qe4 Qe8 35. e7 Rxh3+ 36. gxh3 {Black forfeits on time} 1-0

[Event "FICS rated blitz game"]
[Site "FICS freechess.org"]
[FICSGamesDBGameNo "20001512"]
[White "kisa"]
[Black "NewbieSlayer"]
[WhiteElo "1527"]
[BlackElo "1543"]
[WhiteRD "na"]
[BlackRD "na"]
[TimeControl "120+12"]
[Date "1999.08.30"]
[Time "04:39:00"]
[WhiteClock "0:02:00.000"]
[BlackClock "0:02:00.000"]
[ECO "B07"]
[PlyCount "29"]
[Result "1-0"]

1. e4 d6 2. d4 Nf6 3. Nc3 g6 4. Bg5 Bg7 5. h3 O-O 6. Nf3 c5 7. d5 e6 8. Qd2 exd5 9. Nxd5 Nxe4 10. Bxd8 Nxd2 11. Nxd2 Rxd8 12. Nc7 Bxb2 13. Rb1 Bc3 14. Bc4 a6 15. a4 {Black forfeits on time} 1-0